 Dungeon Crawl Stone Soup version 0.26.0-10-g1f06aea511 (webtiles) character file.

Game seed: 13901936795479762901

2 sanka the Sneak (level 1, 0/21 HPs)
             Began as a Naga Delver on Jan 20, 2021.
             Slain by a scorpion (3 damage)
             ... on level 5 of the Dungeon.
             The game lasted 00:00:12 (26 turns).

sanka the Sneak (Naga Delver)                         Turns: 26, Time: 00:00:12

Health: 0/21       AC:  1    Str: 14    XL:     1   Next: 30%
Magic:  1/1        EV:  9    Int: 10    God:
Gold:   13         SH:  0    Dex: 12    Spells: 0/0 levels left

rFire    . . .     SeeInvis +   a - +0 hand axe
rCold    . . .     Faith    .   (no shield)
rNeg     . . .     Spirit   .   b - +0 leather armour
rPois    +         Reflect  .   (no helmet)
rElec    .         Harm     .   (no cloak)
rCorr    .         Rampage  .   (no gloves)
Will     .....                  (no barding)
Stlth    +++.......             (no amulet)
HPRegen  0.07/turn              (no ring)
MPRegen  0.07/turn              (no ring)

@: very slow
A: large, see invisible, deformed body, poison resistance, slowness 2, spit
poison 1, AC +0
a: Spit Poison


You were on level 5 of the Dungeon.
You visited 1 branch of the dungeon, and saw 1 of its levels.

You collected 13 gold pieces.


Innate Abilities, Weirdness & Mutations

You cannot wear boots.
Your serpentine skin is tough. (AC +0)
You have supernaturally acute eyesight. (SInv)
Armour fits poorly on your strangely shaped body.
Your system is resistant to poisons. (rPois)
You cover ground very slowly.
You can spit poison.


   Skills:
 - Level 3.0 Fighting
 - Level 2.0 Axes
 - Level 1.5 Dodging
 + Level 7.4 Stealth


You couldn't memorise any spells.
You didn't know any spells.
Your spell library was empty.

Inventory:

Hand Weapons
 a - a +0 hand axe (weapon)
Armour
 b - a +0 leather armour (worn)
Wands
 g - a wand of digging (3)
Scrolls
 c - a scroll of fog
 d - a scroll of magic mapping
 e - a scroll of fear
Potions
 f - a potion of haste {@q3}

Dungeon Overview and Level Annotations

Branches:
Dungeon (5/15)
 Temple: D:4-7

Altars:

▒..▒ ▒.▒.▒▒..▒▒. ▒...
...▒.▒▒..▒ ▒..▒
▒+▒▒▒.▒.....▒ ▒..▒ ▒.▒
▒.▒▒▒▒..▒
▒▒▒▒▒▒..▒▒▒.▒▒▒.▒▒▒▒..▒▒...
...........................
5▒▒.▒▒▒▒▒.▒.▒.▒▒▒▒▒▒▒▒▒▒▒..
▒s▒....... ▒.N...▒▒▒
▒▒▒▒▒..... ▒.▒▒▒. ▒.▒ ▒..


You could see a scorpion.


Message History

Unknown command.
Unknown command.
Unknown command.
You now have 13 gold pieces.
A leopard gecko comes into view.
A hound zombie comes into view.
There are monsters nearby!
Use which ability? (? or * to list)
Aim: a leopard gecko (asleep)
The splash of poison hits the leopard gecko.
The leopard gecko is poisoned.
The leopard gecko is moderately wounded.
The leopard gecko hisses angrily.
You slash the leopard gecko!
You kill the leopard gecko!
You have got your breath back.
No target in view!
No target in view!
A scorpion comes into view.
A white imp comes into view.
Use which ability? (? or * to list)
Aim: a scorpion The splash of poison hits the scorpion.
The scorpion is lightly wounded.
The scorpion stings you! The scorpion stings you!
* * * LOW HITPOINT WARNING * * *
You have got your breath back.
The scorpion stings you.
You die...

Action                   || total
-------------------------++-------
Melee: Hand axe          ||     1
 Abil: Spit Poison       ||     2

Levels and vault maps discovered:
D:5:      layout_loops_cross, lemuel_doored_altar, uniq_duvessa

Notes
Turn   | Place    | Note
-------+----------+-------------------------------------------
     0 | D:5      | sanka the Naga Delver began the quest for the Orb.
     0 | D:5      | Reached XP level 1. HP: 21/21 MP: 1/1
    19 | D:5      | Noticed a scorpion
    26 | D:5      | Slain by a scorpion

Vanquished Creatures
  A leopard gecko (D:5)
1 creature vanquished.

Table legend: (Time is in decaauts)
 A = Elapsed time spent in this place.
 B = Non-inter-level travel time spent in this place.
 C = Inter-level travel time spent in this place.
 D = Time resting spent in this place.
 E = Time spent auto-exploring this place.
 F = Levels seen in this place.
 G = Mean time per level.
                   A        B        C        D        E       F      G
               +--------+--------+--------+--------+--------+-----+--------+
         Total |     35 |     35 |      0 |      0 |     16 |   1 |   35.0 |
       Dungeon |     35 |     35 |      0 |      0 |     16 |   1 |   35.0 |
               +--------+--------+--------+--------+--------+-----+--------+

Top non-repeatable levels by time:
     D:5: 35 daAuts
